cohdb
Replays
Latest Replays
All Replays
Popular Replays
Top Player Replays
Match Explorer
How It Works
Community
CoH3 Stats
Reddit
Sign in to upload your games and track your stats! →
Sign in with Steam
Skidrow vs Zulu equal fight kappa
Match 16902344
Overview
Messages
Build Orders
End
Royal Engineer Section
Selects Indian Artillery Battlegroup
Vickers Machine Gun Team
Construct Section Command Post
Infantry Section
Construct Field Infirmary
Selects Towed ML 4.2-inch Heavy Mortar
Towed ML 4.2-inch Heavy Mortar
Vickers Machine Gun Team
Construct Platoon Command Post
Selects Valour
Selects Gurkha Rifles Section
6-pounder Anti-tank Gun Team
Gurkha Rifles Section
6-pounder Anti-tank Gun Team
Construct Company Command Post
Matilda II Heavy Tank
Crusader II Medium Tank
Selects Volunteer Infantry
Selects Off-map Airburst Barrage
Crusader II Medium Tank
Armored Vehicle Training
Crusader II Medium Tank
AI Takeover
Chapter Master Zulu
SMOKO
BlueSkidrow™
Evelynn
0
0
Comments
sign in to comment!
No comments posted yet!